 Dungeon Crawl Stone Soup version 0.26.1-2-gb8aa6d0cf2 (webtiles) character file.

Game seed: 6591081169044233608

91 H0rd4k the Charlatan (level 4, 0/33 HPs)
             Began as a Human Artificer on Feb 10, 2021.
             Succumbed to an adder's poison
             ... on level 2 of the Dungeon.
             The game lasted 00:02:23 (2756 turns).

H0rd4k the Charlatan (Human Artificer)              Turns: 2756, Time: 00:02:23

Health: 0/33       AC:  3    Str: 14    XL:     4   Next: 88%
Magic:  4/4        EV: 12    Int: 11    God:
Gold:   53         SH:  0    Dex: 13    Spells: 3/3 levels left

rFire    + . .     SeeInvis .   h - +0 short sword
rCold    + . .     Faith    .   (no shield)
rNeg     . . .     Spirit   .   b - +0 leather armour
rPois    +         Reflect  .   (no helmet)
rElec    +         Harm     .   (no cloak)
rCorr    +         Rampage  .   (no gloves)
Will     .....                  (no boots)
Stlth    +.........             (no amulet)
HPRegen  0.11/turn              (no ring)
MPRegen  0.09/turn              (no ring)

@: lethally poisoned (0 -> -9), resistant
A: wild magic 1
a: no special abilities


You were on level 2 of the Dungeon.
You visited 1 branch of the dungeon, and saw 2 of its levels.

You collected 53 gold pieces.

Inventory:

Hand Weapons
 a - a +0 club
 h - a +0 short sword (weapon)
Armour
 b - a +0 leather armour (worn)
Jewellery
 m - a +4 ring of evasion {unknown}
Wands
 c - a wand of flame (15) (quivered)
 d - a wand of enslavement (11)
 e - a wand of random effects (13)
Scrolls
 f - a scroll of teleportation {unknown}
 i - 2 scrolls of identify {unknown}
 k - a scroll of magic mapping {unknown}
 l - a scroll of enchant weapon {unknown}
Potions
 g - a potion of resistance
 j - a potion of mutation


   Skills:
 + Level 2.0 Fighting
 + Level 1.0 Short Blades
 + Level 2.6 Armour
 + Level 1.8 Dodging
 + Level 1.3 Stealth
 + Level 3.8 Evocations


You had 3 spell levels left.
You didn't know any spells.
Your spell library was empty.

Dungeon Overview and Level Annotations

Branches:
Dungeon (2/15)

Altars:
Zin


Innate Abilities, Weirdness & Mutations

Your spells are a little harder to cast, but a little more powerful.


Message History

You feel sick. The adder bites you but does no damage. The adder bites you.
* * * LOW HITPOINT WARNING * * *
You hit the adder.
You kill the adder!
* * * LOW HITPOINT WARNING * * *
You feel sick.
Your Short Blades skill increases to level 1!
It was a potion of mutation.
You feel extremely strange.
You feel clumsy.
You feel agile.
You feel less in control of your magic.
* * * LOW HITPOINT WARNING * * *
You feel sick.
It was a potion of resistance.
You feel protected.
Okay, then.
Unknown command.
Unknown command.
* * * LOW HITPOINT WARNING * * *
You feel sick.
The kobold shouts!
You die...

##..............#
S................#
#................#
##.........K.....#
#..............##
#######...#....######
########.#....#
##########......#
######..........@..†.#
.......##########....#
######## #....# ######


There were no monsters in sight!

Vanquished Creatures
  2 adders (D:2)
  2 gnolls (D:2)
  3 leopard geckos
  2 giant cockroaches
  2 goblins
  7 hobgoblins
  4 jackals
  7 kobolds
  A ball python (D:2)
  4 bats (D:1)
  4 frilled lizards
  8 rats
46 creatures vanquished.

Vanquished Creatures (collateral kills)
  An adder (D:2)
1 creature vanquished.

Vanquished Creatures (others)
  A gnoll (D:2)
1 creature vanquished.

Grand Total: 48 creatures vanquished

Notes
Turn   | Place    | Note
-------+----------+-------------------------------------------
     0 | D:1      | H0rd4k the Human Artificer began the quest for the Orb.
     0 | D:1      | Reached XP level 1. HP: 15/15 MP: 1/1
   378 | D:1      | Reached XP level 2. HP: 10/21 MP: 2/2
  1026 | D:1      | Reached XP level 3. HP: 26/26 MP: 3/3
  1830 | D:2      | Reached XP level 4. HP: 13/33 MP: 4/4
  2361 | D:2      | Found a glowing silver altar of Zin.
  2753 | D:2      | Reached skill level 1 in Short Blades
  2753 | D:2      | Gained mutation: You are clumsy. (Dex -2) [potion of
                  | mutation]
  2753 | D:2      | Lost mutation: You are clumsy. (Dex -2) [potion of
                  | mutation]
  2753 | D:2      | Gained mutation: Your spells are a little harder to cast,
                  | but a little more powerful. [potion of mutation]
  2755 | D:2      | HP: 1/33 [poisoned by an adder]
  2756 | D:2      | Succumbed to an adder's poison

Illustrated notes

Levels and vault maps discovered:
D:1:      minmay_arrival_three_doors, layout_rooms, grunt_decor_clamped,
          minmay_box_of_dots
D:2:      layout_rooms, zin_statuary

Skill      XL: |  1  2  3  4 |
---------------+-------------+-----
Fighting       | 2 |  2.0
Short Blades   | 1 |  1.0
Armour         | |  2.6
Dodging        | |  1.8
Stealth        | |  1.3
Evocations     | |  3.8

Action                   |  1- 3 |  4- 6 || total
-------------------------+-------+-------++-------
Melee: Club              |    57 |       ||    57
       Short sword       |   101 |    74 ||   175
Evoke: Wand              |     6 |       ||     6
  Use: Potion            |       |     2 ||     2
 Stab: Sleeping          |     1 |     2 ||     3
Armor: Leather armour    |    47 |    21 ||    68
Dodge: Dodged            |   101 |    45 ||   146
